 Dungeon Sprint DCSS version 0.18-a0-46-g45ca8e4 (webtiles) character file.

0 ololoev the Firebug (level 1, -1/15 HPs)
             Began as a Deep Elf Fire Elementalist on Nov 6, 2015.
             Was an Initiate of Vehumet.
             Slain by a hill giant
             ... wielding a +0 giant club
              (15 damage)
             ... in the Dungeon (Sprint V: "Ziggurat Sprint").
             The game lasted 00:01:56 (101 turns).

ololoev the Firebug (Deep Elf Fire Elementalist)     Turns: 101, Time: 00:01:56

Health: -1/15      AC: 30    Str: 10    XL:     1   Next: 0%
Magic:  6/6        EV: -1    Int: 31    God:    Vehumet [......]
Gold:   0          SH: 25    Dex: 20    Spells: 1 memorised, 5 levels left

rFire  + . .     SeeInvis .     A - +8 lance "Wyrmbane" {slay drac, +Rage rPois rF+ AC+5}
rCold  . . .     Clarity  .     D - +15 Maxwell's patent armour {-Cast -Tele rElec MR+ rCorr}
rNeg   + . .     SustAt   .     z - +18 shield of the gong {rElec rN+ MR+ EV-5}
rPois  +         Gourm    .     (no helmet)
rElec  +         Spirit   .     (no cloak)
rCorr  +         Warding  .     (no gloves)
rMut   .         NoTele   +     (no boots)
MR     ++...     NoCast   +     (no amulet)
Stlth  ..........               C - +6 ring of intelligence
                                B - +6 ring of intelligence

@: agile, berserking (expiring), very slightly contaminated, invisible, very
quick, very resistant to hostile enchantments, extremely unstealthy
A: no striking features
a: Renounce Religion, Evoke Berserk Rage

Inventory:

Hand Weapons
 A - the +8 lance "Wyrmbane" (weapon) {slay drac, +Rage rPois rF+ AC+5}
   (You found it in the Dungeon)

   It affects your AC (+5).
   It protects you from fire.
   It protects you from poison.
   It lets you go berserk.
Armour
 a - a +0 robe
 z - the +18 shield of the gong (worn) {rElec rN+ MR+ EV-5}
   (You found it in the Dungeon)

   It affects your evasion (-5).
   It insulates you from electricity.
   It protects you from negative energy.
   It affects your resistance to hostile enchantments.
 D - the +15 Maxwell's patent armour (worn) {-Cast -Tele rElec MR+ rCorr}
   (You found it in the Dungeon)

   It insulates you from electricity.
   It affects your resistance to hostile enchantments.
   It prevents spellcasting.
   It prevents most forms of teleportation.
   It protects you from acid and corrosion.
Magical Staves
 y - an uncursed staff of energy
Jewellery
 B - a +6 ring of intelligence (left hand)
 C - a +6 ring of intelligence (right hand)
Scrolls
 i - 4 scrolls of blinking
 p - 4 scrolls of amnesia
 q - 3 scrolls of recharging
 r - 7 scrolls of fog
 s - a scroll of holy word
 t - 5 scrolls of identify
 u - 5 scrolls of remove curse
 v - 2 scrolls of fear
Potions
 d - 10 potions of curing
 e - 10 potions of heal wounds
 f - 6 potions of haste
 g - 7 potions of magic
 h - 2 potions of berserk rage
 j - 2 potions of brilliance
 k - a potion of invisibility
 l - 4 potions of resistance
 m - a potion of experience
 n - 4 potions of agility
 o - 5 potions of might
Books
 b - a book of Flames

   Spells                             Type                      Level
   a - Flame Tongue                   Conjuration/Fire             1
   b - Throw Flame                    Conjuration/Fire             2
   c - Conjure Flame                  Conjuration/Fire             3
   d - Inner Flame                    Hexes/Fire                   3
   e - Sticky Flame                   Conjuration/Fire             4
   f - Fireball                       Conjuration/Fire             5
Comestibles
 c - 5 bread rations
 w - 42 fruits
 x - 4 meat rations


   Skills:
 - Level 2.4 Dodging
 - Level 2.4 Stealth
 * Level 0.0 Shields
 + Level 3.0 Spellcasting
 + Level 1.1 Conjurations
 + Level 3.2 Fire Magic


You had 5 spell levels left. You knew the following spells: Your Spells Type Power Failure Level Hunger a - Flame Tongue Conj/Fire ###.. 100% 1 None You were in the Dungeon. You worshipped Vehumet. Vehumet was noncommittal. You were not hungry. You visited 1 branch ▓▓▓▓▓▓▓ ▓.8©8.▓ ▓.....▓ ▓.=.:.▓ ▓.....▓ ▓.CC..▓ ▓..@..▓ ▓▓▓▓▓▓▓

Notes
Turn   | Place    | Note
--------------------------------------------------------------
     0 | D        | ololoev the Deep Elf Fire Elementalist began the quest for the Orb.
     0 | D        | Reached XP level 1. HP: 10/10 MP: 6/6
     0 | D        | Found a roughly hewn altar of Beogh.
     0 | D        | Found a corrupted altar of Lugonu.
     0 | D        | Found a viscous altar of Jiyva.
     0 | D        | Found a white marble altar of Elyvilon.
     0 | D        | Found a sparkling altar of Nemelex Xobeh.
     0 | D        | Found a burning altar of Makhleb.
     0 | D        | Found an iron altar of Okawaru.
     0 | D        | Found a deep blue altar of Sif Muna.
     0 | D        | Found a radiant altar of Vehumet.
     0 | D        | Found a bloodstained altar of Trog.
     0 | D        | Found a shimmering altar of Xom.
     3 | D        | Banished a spatial maelstrom
     7 | D        | Banished a spatial maelstrom
    62 | D        | Banished a spatial maelstrom
    84 | D        | Became a worshipper of Vehumet
    91 | D        | Entered arena 1.
    91 | D        | Noticed a hill giant
    91 | D        | Noticed a hill giant
   101 | D        | Slain by a hill giant

Dungeon Overview and Level Annotations

Branches:
Dungeon (1/1)

Altars:
Ashenzari
Cheibriados
Dithmenos
Elyvilon
Fedhas
Gozag
Kikubaaqudgha
Makhleb
Nemelex Xobeh
Okawaru
Qazlal
Ru
Sif Muna
Trog
Vehumet
Xom
Yredelemnul
Zin
The Shining One
Beogh
Jiyva
Lugonu


Message History

A red film seems to cover your vision as you go berserk!
You feel yourself moving faster!
You feel mighty!
The hill giant shouts!
You catch the helpless hill giant completely off-guard!
You hit the hill giant.
The hill giant is lightly wounded.
The hill giant shouts!
You block the hill giant's attack.
BONNNG!
You closely miss the hill giant. You puncture the hill giant!
The hill giant is moderately wounded.
The hill giant hits you but does no damage.
You puncture the hill giant!
The hill giant is heavily wounded.
You block the hill giant's attack.
GONNNNG!
You puncture the hill giant!
The hill giant is severely wounded.
You block the hill giant's attack.
PANG!
You hit the hill giant.
The hill giant is severely wounded.
You block the hill giant's attack.
PANG!
You hit the hill giant.
The hill giant is severely wounded.
You block the hill giant's attack.
SHROANNG!
The hill giant hits you with a giant club.
You catch the helpless hill giant completely off-guard!
You puncture the hill giant!
The hill giant is almost dead.
You block the hill giant's attack.
GONNNNG!
Your Maxwell's patent armour prevents you from hitting the hill giant.
The hill giant is almost dead.
The hill giant hits you with a giant club!
Ouch! That really hurt!
You die...

You could see 2 hill giants.

Vanquished Creatures (others)
  3 spatial maelstroms (D)
3 creatures vanquished.

Action                   || total
-------------------------++-------
Melee: Lance             ||     9
  Use: Potion            ||     3
 Stab: Invisible         ||     2

Vault maps used:
D:        sprint_v
